 Dungeon Crawl Stone Soup version 0.27-a0-1590-g15f69828bf (webtiles) character file.

Game seed: 16642068254000051243

4476 Demosthentine the Spear-Bearer (level 10, 0/123 HPs)
             Began as a Merfolk Gladiator on July 18, 2021.
             Was a Priest of the Shining One.
             Slain by an ice beast (14 damage)
             ... on level 7 of the Dungeon.
             The game lasted 00:07:55 (7822 turns).

Demosthentine the Spear-Bearer (Merfolk Gladiator)  Turns: 7822, Time: 00:07:56

Health: 0/123      AC: 25    Str: 17    XL:     10   Next: 38%
Magic:  20/20      EV:  2    Int:  7    God:    the Shining One [***...]
Gold:   421        SH:  5    Dex: 23    Spells: 9/9 levels left

rFire    . . .     SeeInvis .   a - +0 trident (venom)
rCold    . . .     Faith    .   (no shield)
rNeg     + + +     Spirit   .   (armour currently unavailable)
rPois    +         Reflect  +   (helmet currently unavailable)
rElec    .         Harm     .   (cloak currently unavailable)
rCorr    .         Rampage  .   (gloves currently unavailable)
Will     .....     NoTele   +   (boots currently unavailable)
Stlth    +.........             f - amulet of reflection
HPRegen  0.30/turn              j - ring of magical power
MPRegen  0.17/turn              l - +6 ring of dexterity

@: tree-form, glowing
A: stationary, stasis, torment immunity, boosted hp, (nimble swimmer 2),
(mertail)
a: Renounce Religion, Divine Shield


You were on level 7 of the Dungeon.
You worshipped the Shining One.
The Shining One was most pleased with you.
You were a tree.
You visited 2 branches of the dungeon, and saw 8 of its levels.
You also visited: Sewer and Ossuary.

You collected 421 gold pieces.

Inventory:

Hand Weapons
 a - a +0 trident of venom (weapon)
Armour
 b - a +0 leather armour (melded)
 c - a +0 helmet (melded)
 e - a +0 pair of gloves (melded)
 y - a +2 pair of boots (melded)
Jewellery
 f - an amulet of reflection (around neck)
 j - a ring of magical power (left branch)
 l - a +6 ring of dexterity (right branch)
Wands
 g - a wand of flame (11)
 m - a wand of mindburst (13)
 B - a wand of iceblast (7)
Scrolls
 h - a scroll of teleportation
 n - a scroll of fear
Potions
 i - a potion of magic
 k - 2 potions of attraction
 o - a potion of berserk rage {unknown}
 r - a potion of might {unknown}
 s - 2 potions of invisibility {unknown}
 u - 2 potions of degeneration {unknown}
 x - a potion of cancellation {unknown}
 z - a potion of haste
 A - a potion of flight {unknown}


   Skills:
 + Level 8.4 Fighting
 + Level 11.3 Polearms
 - Level 2.0 Throwing
 - Level 5.2 Armour
 + Level 10.4 Dodging
 + Level 2.0 Invocations


You had 9 spell levels left.
You didn't know any spells.
Your spell library contained the following spells:

 Spells                   Type           Power      Damage    Failure   Level
 Inner Flame              Hex/Fire       0%         N/A       80%         3
 Cause Fear               Hex            0%         N/A       99%         4
 Discord                  Hex            0%         N/A       100%        8


Dungeon Overview and Level Annotations

Branches:
Dungeon (7/15)             Temple (1/1) D:5           Sewer (visited)
Ossuary (visited)

Altars:
Ashenzari
Elyvilon
Fedhas
Gozag
Hepliaklqana
Kikubaaqudgha
Makhleb
Okawaru
Qazlal
Ru
Sif Muna
Trog
Uskayaw
Vehumet
Wu Jian
Xom
Yredelemnul
Zin
The Shining One


Innate Abilities, Weirdness & Mutations

You are a tree.
Your roots penetrate the ground, keeping you stationary.
You cannot be teleported.
You are immune to unholy pain and torment.
Your maximum health is greatly increased.
Your equipment is partially melded.
((You are quick and stealthy near water. (Stealth+, EV+, Speed+++)))
((Your lower body shifts to a powerful aquatic tail in water.))


Message History

You block the ice beast's attack.
You hit the ice beast.
The ice beast is heavily wounded.
The ice beast misses you.
You hit the ice beast but do no damage.
The ice beast is poisoned.
The ice beast is heavily wounded.
You hit the ice beast but do no damage.
The ice beast is heavily wounded.
The ice beast hits you. The ice beast freezes you!
* * * LOW HITPOINT WARNING * * *
You barely miss the ice beast.
The ice beast is heavily wounded.
You block the ice beast's attack.
You hit the ice beast but do no damage.
The ice beast looks even sicker.
The ice beast is heavily wounded.
The ice beast hits you but does no damage.
You completely miss the ice beast.
The ice beast is heavily wounded.
Really quaff the potion of lignification?
You turn into a tree.
Your +0 helmet melds into your body.
Your +0 pair of gloves melds into your body.
Your +2 pair of boots melds into your body.
Your +0 leather armour melds into your body.
Your roots penetrate the ground.
The ice beast hits you but does no damage.
Unknown command.
The orc shouts!
You hit the ice beast but do no damage.
The ice beast is severely wounded.
The ice beast hits you.
* * * LOW HITPOINT WARNING * * *
The ice beast freezes you!
* * * LOW HITPOINT WARNING * * *
You hit the ice beast.
The ice beast looks as sick as possible!
The ice beast is severely wounded.
The ice beast hits you.
* * * LOW HITPOINT WARNING * * *
The ice beast freezes you!
You die...

#....>..........
#.##############
#.# #.#
#####.######## #
#............#
#.#.###.........
#....##.######..
#..♣YC....#
#..###.###o.#
#.. .#.. .. #..
.# #..# #.. .#
#.# .. :# #.. .
.# # ... .# # #.
## .#.


You could see a cyclops, an ice beast (extremely poisoned) and an orc.

Vanquished Creatures
  A two-headed ogre (D:5)
  A manticore (D:7)
  Maggie (D:6)
  Prince Ribbit (D:6)
  Sigmund (D:6)
  A steam dragon (D:6)
  An acid dragon (D:6)
  A water moccasin (D:6)
  A black bear (D:3)
  An orc warrior (D:6)
  A sky beast (D:5)
  An ice beast (D:7)
  A hornet zombie (D:7)
  An ogre (D:4)
  3 phantoms
  A centaur (D:7)
  2 bullfrogs
  A wyvern zombie (D:5)
  A scorpion (D:5)
  9 wights (D:6)
  2 howler monkeys
  2 bullfrog zombies
  A centaur zombie (D:5)
  5 hounds
  2 orc priests
  A jelly (D:7)
  7 iguanas
  Natasha (twice) (D:3)
  Terence (D:3)
  An orc wizard (D:5)
  8 mummies (Ossuary)
  A howler monkey skeleton (D:5)
  8 adders
  3 white imps
  An ufetubus (D:5)
  3 worms
  3 dart slugs
  7 orcs
  8 endoplasms
  14 giant cockroaches
  A gnoll zombie (Ossuary)
  6 goblins
  8 hobgoblins
  7 jackals
  6 quokkas
  5 ball pythons
  4 bats
  8 frilled lizards
  A goblin zombie (D:6)
  A hobgoblin zombie (Ossuary)
  6 kobolds
  3 kobold zombies (Ossuary)
  3 orc zombies (Ossuary)
  11 rats
  A rat zombie (D:6)
182 creatures vanquished.

Vanquished Creatures (others)
  An ogre (D:4)
  2 hounds (D:4)
  An orc wizard (D:4)
  An adder (D:4)
  A dart slug (D:4)
  An orc (D:4)
  A hobgoblin (D:4)
  A goblin (D:4)
  2 kobolds (D:4)
11 creatures vanquished.

Grand Total: 193 creatures vanquished

Notes
Turn   | Place    | Note
-------+----------+-------------------------------------------
     0 | D:1      | Demosthentine the Merfolk Gladiator began the quest for the
                  | Orb.
     0 | D:1      | Reached XP level 1. HP: 16/16 MP: 1/1
   126 | D:1      | Reached XP level 2. HP: 19/23 MP: 2/2
   635 | D:1      | Reached XP level 3. HP: 28/28 MP: 3/3
   847 | D:2      | Found a shimmering blue altar of Sif Muna.
   900 | D:2      | Reached skill level 5 in Polearms
  1135 | D:2      | Reached skill level 1 in Armour
  1202 | D:2      | Reached XP level 4. HP: 35/35 MP: 4/4
  1694 | D:2      | Found a faded altar of an unknown god.
  1889 | D:3      | Noticed Terence
  1901 | D:3      | Killed Terence
  1902 | D:3      | Reached skill level 5 in Dodging
  2110 | D:3      | Reached XP level 5. HP: 41/41 MP: 5/5
  2172 | D:3      | Noticed a black bear
  2203 | D:3      | Killed a black bear
  2204 | D:3      | Reached skill level 6 in Polearms
  2761 | D:3      | Noticed a +0 hand axe
  2761 | D:3      | Noticed a +0 dagger
  2766 | D:3      | Found a hide-covered altar of Uskayaw.
  2771 | D:3      | Reached XP level 6. HP: 48/48 MP: 6/6
  2786 | D:3      | Noticed Natasha
  2791 | D:3      | Killed Natasha
  3044 | D:3      | Noticed Natasha
  3052 | D:3      | Killed Natasha
  3157 | D:4      | Found a shimmering altar of Xom.
  3299 | D:4      | Found a sacrificial altar of Ru.
  3569 | D:4      | Reached XP level 7. HP: 48/55 MP: 7/7
  4287 | D:5      | Entered Level 5 of the Dungeon
  4291 | D:5      | Reached skill level 7 in Polearms
  4624 | D:5      | Found a staircase to the Ecumenical Temple.
  4635 | D:5      | Reached skill level 5 in Fighting
  4709 | Temple   | Entered the Ecumenical Temple
  4761 | Temple   | Became a worshipper of the Shining One
  4901 | D:5      | Noticed a two-headed ogre
  4922 | D:5      | Killed a two-headed ogre
  4923 | D:5      | Reached skill level 8 in Polearms
  4923 | D:5      | Reached XP level 8. HP: 12/64 MP: 8/8
  5315 | D:5      | Found a broken altar of Ashenzari.
  5429 | D:5      | Reached skill level 9 in Polearms
  5521 | D:5      | Reached XP level 9. HP: 36/71 MP: 9/9
  6068 | D:6      | Found a sand-covered staircase.
  6079 | Ossuary  | Entered an ossuary
  6081 | Ossuary  | Reached * piety under the Shining One
  6237 | Ossuary  | Reached ** piety under the Shining One
  6381 | D:6      | Noticed Maggie
  6391 | D:6      | Killed Maggie
  6459 | D:6      | Noticed Sigmund
  6466 | D:6      | Killed Sigmund
  6467 | D:6      | Reached skill level 10 in Polearms
  6494 | D:6      | Found a glowing drain.
  6507 | Sewer    | Entered a sewer
  7203 | D:6      | Reached skill level 5 in Armour
  7259 | D:6      | Noticed Prince Ribbit
  7282 | D:6      | Killed Prince Ribbit
  7283 | D:6      | Reached skill level 10 in Dodging
  7283 | D:6      | Reached XP level 10. HP: 72/80 MP: 10/10
  7316 | D:6      | Reached *** piety under the Shining One
  7521 | D:7      | Reached skill level 11 in Polearms
  7695 | D:7      | Reached skill level 1 in Invocations
  7796 | D:7      | Noticed a manticore
  7797 | D:7      | Noticed a cyclops
  7810 | D:7      | Killed a manticore
  7822 | D:7      | Slain by an ice beast

Illustrated notes

Levels and vault maps discovered:
D:1:      onia_arrival_mini_maze, layout_basic
D:2:      minmay_chambers_of_twos, layout_basic, ebering_ecumenical_altar_mist,
          basic_altar
D:3:      layout_basic, dancing_weapons_uskayaw, serial_park_tiny_pond,
          hex_medium, uniq_natasha, uniq_terence
D:4:      layout_gridville, mainiacjoe_overflow_cross_hatched,
          xom_confusion_cloud
D:5:      layout_gridville, cheibrodos_ashenzari_chains,
          minmay_temple_entry_slanted, minivault_23
D:6:      layout_basic, portal_sewer_entry_d, enter_ossuary_4, uniq_maggie,
          uniq_prince_ribbit1, uniq_sigmund
D:7:      layout_loops_ring, general_overflow_altar,
          lemuel_coloured_pillars_altar, gammafunk_ghost_nasty_kobolds,
          minmay_manual_mail
Temple:   eino_temple_lava

Skill      XL: |  1  2  3  4  5  6  7  8  9 10 |
---------------+-------------------------------+-----
Polearms       | 5 6 8 9 10 11 | 11.3
Armour         | 1 2 3 4 5 |  5.2
Fighting       | 3 4 6 7 8 |  8.4
Dodging        | 5 6 8 10 | 10.4
Invocations    | 2 |  2.0
Throwing       | |  2.0

Action                   |  1- 3 |  4- 6 |  7- 9 | 10-12 || total
-------------------------+-------+-------+-------+-------++-------
Melee: Trident           |   126 |   127 |   359 |    87 ||   699
       Tailslap          |       |     1 |     3 |       ||     4
Throw: Throwing net      |       |     2 |     1 |       ||     3
  Use: Scroll            |     2 |     5 |     4 |     6 ||    17
       Potion            |       |       |     3 |     2 ||     5
 Stab: Sleeping          |     1 |     1 |     3 |       ||     5
       Held in net/web   |       |     1 |       |       ||     1
Armor: Leather armour    |    27 |    16 |    24 |     9 ||    76
       Skin              |       |       |       |     1 ||     1
Dodge: Dodged            |    84 |    58 |   178 |    54 ||   374
Block: Other             |       |    14 |    36 |    18 ||    68
       Reflection        |       |     2 |       |     1 ||     3

Table legend: (Time is in decaauts)
 A = Elapsed time spent in this place.
 B = Non-inter-level travel time spent in this place.
 C = Inter-level travel time spent in this place.
 D = Time resting spent in this place.
 E = Time spent auto-exploring this place.
 F = Levels seen in this place.
 G = Mean time per level.
                   A        B        C        D        E       F      G
               +--------+--------+--------+--------+--------+-----+--------+
         Total |   7711 |   7595 |    116 |    262 |   5917 |  10 |  771.1 |
       Dungeon |   7171 |   7056 |    115 |    262 |   5610 |   7 | 1024.4 |
        Temple |     61 |     61 |      0 |      0 |     50 |   1 |   61.0 |
         Sewer |    251 |    251 |      0 |      0 |    185 |   1 |  251.0 |
       Ossuary |    226 |    226 |      0 |      0 |     72 |   1 |  226.0 |
               +--------+--------+--------+--------+--------+-----+--------+

Top non-repeatable levels by time:
     D:5: 1513 daAuts
     D:3: 1431 daAuts
     D:4: 1304 daAuts
     D:2: 943 daAuts
     D:6: 879 daAuts
     D:1: 792 daAuts
     D:7: 307 daAuts
   Sewer: 251 daAuts
 Ossuary: 226 daAuts
  Temple: 61 daAuts
